 Dungeon Crawl Stone Soup version 0.28-b1-25-g9875b3fc8c (webtiles) character file.

Game seed: 2667133631656625079

7398 DildoBatman the Geomancer (level 11, 0/84 HPs)
             Began as a Formicid Conjurer on Feb 1, 2022.
             Was a Believer of Kikubaaqudgha.
             Slain by a tengu warrior (15 damage)
             ... led by a tengu conjurer
             ... on level 7 of the Dungeon.
             The game lasted 00:41:02 (7977 turns).

DildoBatman the Geomancer (Formicid Conjurer)       Turns: 7977, Time: 00:41:02

Health: 0/84       AC: 10    Str: 12    XL:     11   Next: 36%
Magic:  19/23      EV: 17    Int: 18    God:    Kikubaaqudgha [**....]
Gold:   340        SH:  0    Dex: 13    Spells: 17/26 levels left

rFire   . . .      SeeInvis +   a - +4 scimitar (flame)
rCold   . . .      Faith    .   (no shield)
rNeg    . . .      Spirit   .   X - +0 acid dragon scales
rPois   .          Reflect  .   (helmet unavailable)
rElec   .          Harm     .   R - +0 cloak
rCorr   +          Rampage  .   j - +0 pair of gloves
Will    +....                   (no boots)
Stlth   ++........              (no amulet)
HPRegen 0.24/turn               Z - +4 ring of evasion
MPRegen 0.18/turn               x - ring of wizardry

@: no status effects
A: permanent stasis, dig shafts and tunnels, antennae 3, four strong arms
a: Dig, Shaft Self, Renounce Religion, Receive Corpses


You were on level 7 of the Dungeon.
You worshipped Kikubaaqudgha.
Kikubaaqudgha was pleased with you.
You visited 2 branches of the dungeon, and saw 9 of its levels.

You collected 473 gold pieces.
You spent 133 gold pieces at shops.

Inventory:

Hand Weapons
 a - a +4 scimitar of flaming (weapon)
 b - a +2 flail of protection
 e - a +1 trident of venom
 f - a +1 hand axe of electrocution
Missiles
 c - 90 stones (quivered)
 i - 14 poisoned darts
 o - 49 bolts
 u - 40 sling bullets
 A - 77 arrows
 B - 5 javelins
 F - 6 throwing nets
 J - 3 boomerangs
 S - 2 curare-tipped darts
Armour
 j - a +0 pair of gloves (worn)
 y - a +2 robe of fire resistance
 P - a +2 robe of cold resistance
 R - a +0 cloak (worn)
 X - +0 acid dragon scales (worn)
Magical Staves
 Y - a staff of air
Jewellery
 n - a ring of flight
 x - a ring of wizardry (right hand)
 Z - a +4 ring of evasion (left hand)
Wands
 D - a wand of iceblast (9)
 W - a wand of paralysis (3)
Scrolls
 d - a scroll of acquirement {unknown}
 q - 2 scrolls of amnesia
 s - a scroll of fog
 t - 2 scrolls of enchant armour {unknown}
 w - a scroll of blinking {unknown}
 z - a scroll of identify
 C - a scroll of magic mapping
 H - 2 scrolls of noise {unknown}
 K - 2 scrolls of enchant weapon {unknown}
 M - 2 scrolls of fear {unknown}
 V - a scroll of teleportation {unknown}
Potions
 g - 2 potions of curing
 h - a potion of lignification {unknown}
 k - a potion of ambrosia {unknown}
 l - 2 potions of resistance {unknown}
 m - 3 potions of might
 r - 2 potions of cancellation {unknown}
 v - a potion of berserk rage {unknown}
 E - a potion of flight {unknown}
 G - a potion of attraction {unknown}
 I - a potion of heal wounds {unknown}
 L - a potion of mutation {unknown}
 O - a potion of magic {unknown}
 Q - a potion of degeneration {unknown}


   Skills:
 * Level 7.3 Fighting
 * Level 7.4 Armour
 * Level 5.4 Dodging
 - Level 2.4 Stealth
 - Level 8.0 Spellcasting
 - Level 6.0 Conjurations
 - Level 3.8 Necromancy
 - Level 9.0 Earth Magic


You had 17 spell levels left.
You knew the following spells:

 Your Spells              Type           Power      Damage    Failure   Level
a - Searing Ray           Conj           56%        2d6       1%          2
b - Sandblast             Erth           78%        2d17      1%          1
c - Magic Dart            Conj           100%       1d8       1%          1
d - Stone Arrow           Conj/Erth      68%        3d11      1%          3
z - Sublimation of Blood  Necr           21%        N/A       1%          2

Your spell library contained the following spells:

 Spells                   Type           Power      Damage    Failure   Level
 Animate Skeleton         Necr           42%        N/A       1%          1
 Pain                     Necr           84%        1d8       1%          1
 Passwall                 Tmut/Erth      19%        N/A       1%          2
 Corpse Rot               Necr/Air       28%        N/A       4%          2
 Dazzling Flash           Conj/Hex       36%        N/A       4%          3
 Fulminant Prism          Conj/Hex       9%         3d7       16%         4
 Iskenderun's Mystic Bla  Conj/Tloc      18%        2d6       16%         4


Dungeon Overview and Level Annotations

Branches:
Dungeon (8/15)             Temple (1/1) D:6            Lair (0/6) D:8

Altars:
Ashenzari
Cheibriados
Dithmenos
Elyvilon
Fedhas
Gozag
Hepliaklqana
Kikubaaqudgha
Nemelex Xobeh
Okawaru
Qazlal
Ru
Sif Muna
Trog
Uskayaw
Vehumet
Xom
Yredelemnul
Zin

Shops:
D:5 *   D:7 *


Innate Abilities, Weirdness & Mutations

You cannot be hasted, slowed, berserked, paralysed or teleported.
You can dig through walls and to a lower floor.
You have a pair of large antennae on your head. (SInv)
Your four strong arms can wield two-handed weapons with a shield.


Message History

You are more poisoned.
The water moccasin poisons you!
The searing ray hits the water moccasin.
You kill the water moccasin!
Kikubaaqudgha accepts your kill.
The searing ray misses the tengu warrior.
You feel very sick.
You feel very sick.
You feel very sick.
You feel sick.
You feel sick.
You feel sick.
You feel sick.
You feel sick.
The tengu warrior hits you with a +0 war axe!
The tengu warrior misses you. The tengu warrior claws you.
You feel sick.
You feel sick.
You feel sick.
You are no longer poisoned.
The tengu warrior hits you but does no damage.
The tengu warrior closely misses you. The tengu warrior claws you.
The tengu warrior hits you but does no damage.
The tengu warrior misses you. x2
The tengu warrior hits you with a +0 war axe!
The tengu warrior pecks you but does no damage.
The tengu warrior claws you but does no damage.
Press: ? - help, v - describe, . - travel
Here: a tengu warrior, wielding a +0 war axe, wearing a +0 leather armour and wearing a +0 kite shield The floor.
Unknown command.
Aiming: Paralyse
Press: ? - help, Shift-Dir - straight line, f/p - tengu warrior
Aim: a tengu warrior, wielding a +0 war axe, wearing a +0 leather armour and wearing a +0 kite shield (chance to affect: 31%)
The tengu warrior easily resists.
The tengu warrior hits you with a +0 war axe!
You die...
Kikubaaqudgha rasps: "You have failed me!
Welcome... death!"

...............## #..##
#.............## ##.##
#####........## ##.##
#.......## ##..# ##.....##
#...## ### #[##### ##....#
..####..# ###.....##
....###.## ##.Q......#
.....##..# ##.@.......##
......##.# ##...........#
.........####............#
...........#.............##
...[......................#
..........................#
........................###
.......................##
.........#............##


You could see a tengu warrior.

Vanquished Creatures
  Harold (D:7)
  Erica (D:8)
  A two-headed ogre (D:6)
  Pikel (D:5)
  Maggie (D:8)
  Sigmund (D:3)
  Eustachio (D:4)
  3 wyverns (D:8)
  3 steam dragons
  Duvessa (D:6)
  4 water moccasins
  2 orc warriors
  4 ice beasts
  2 sky beasts
  A black bear (D:8)
  Pargi (D:4)
  2 ogres
  A necrophage (D:6)
  2 lemures (D:5)
  A wolf (D:8)
  2 centaurs
  2 phantoms
  A bullfrog (D:6)
  3 kobold brigands
  A scorpion (D:3)
  A gnoll sergeant (D:6)
  A wyvern zombie (D:5)
  3 water moccasin skeletons
  Dowan (D:6)
  5 killer bees (D:8)
  A howler monkey (D:5)
  4 hounds
  2 jellies
  Crazy Yiuf (D:2)
  A centaur skeleton (D:6)
  2 orc priests (D:4)
  4 iguanas
  Natasha (thrice) (D:4)
  2 orc wizards
  4 gnolls (D:6)
  3 adders
  2 howler monkey skeletons (D:6)
  2 white imps
  An ufetubus (D:6)
  2 adder skeletons (D:4)
  2 worms
  2 dart slugs
  15 orcs
  8 ball pythons
  4 bats
  7 endoplasms
  7 giant cockroaches
  11 goblins
  4 hobgoblins
  7 jackals
  20 kobolds
  A quokka (D:3)
  A frilled lizard (D:1)
  4 rats
181 creatures vanquished.

Vanquished Creatures (others)
  A kobold (D:7)
  5 fungi
  17 plants (D:8)
23 creatures vanquished.

Grand Total: 204 creatures vanquished

Notes
Turn   | Place    | Note
-------+----------+-------------------------------------------
     0 | D:1      | DildoBatman the Formicid Conjurer began the quest for the
                  | Orb.
     0 | D:1      | Reached XP level 1. HP: 13/13 MP: 3/3
   248 | D:1      | Reached XP level 2. HP: 19/19 MP: 3/5
   251 | D:1      | Learned a level 2 spell: Searing Ray
   272 | D:1      | Found a faded altar of an unknown god.
   630 | D:1      | Reached XP level 3. HP: 19/24 MP: 2/6
   936 | D:2      | Noticed a phantom
  1182 | D:2      | Reached XP level 4. HP: 20/30 MP: 2/7
  1468 | D:2      | Reached skill level 5 in Conjurations
  1611 | D:2      | Found a runed translucent door.
  1612 | D:2      | Noticed Crazy Yiuf
  2015 | D:3      | Reached XP level 5. HP: 35/35 MP: 2/8
  2077 | D:3      | Noticed Sigmund
  2774 | D:3      | Reached skill level 1 in Fighting
  2774 | D:3      | Reached skill level 1 in Armour
  2774 | D:3      | Reached XP level 6. HP: 39/43 MP: 0/9
  3016 | D:5      | Entered Level 5 of the Dungeon
  3025 | D:5      | Noticed a sky beast
  3031 | D:5      | Killed a sky beast
  3032 | D:5      | Reached XP level 7. HP: 36/50 MP: 2/12
  3175 | D:5      | Reached skill level 5 in Spellcasting
  3236 | D:6      | Noticed a two-headed ogre
  3400 | D:5      | Noticed Pikel
  3470 | D:6      | Found a staircase to the Ecumenical Temple.
  3485 | Temple   | Entered the Ecumenical Temple
  3647 | Temple   | Became a worshipper of Kikubaaqudgha
  3876 | D:6      | Reached XP level 8. HP: 52/56 MP: 8/17
  3931 | D:6      | Noticed Dowan
  4074 | D:6      | Killed a two-headed ogre
  4075 | D:6      | Reached XP level 9. HP: 64/64 MP: 8/19
  4120 | D:6      | Noticed Duvessa
  4144 | D:6      | Killed Dowan
  4153 | D:6      | Killed Duvessa
  4422 | D:6      | Found a shimmering altar of Xom.
  4568 | D:6      | Reached * piety under Kikubaaqudgha
  4568 | D:6      | Received a gift from Kikubaaqudgha
  4572 | D:6      | Learned a level 2 spell: Sublimation of Blood
  4693 | D:5      | Found Gasaptyta's Assorted Antiques.
  4766 | D:5      | Killed Pikel
  4767 | D:5      | Reached skill level 5 in Fighting
  4767 | D:5      | Reached skill level 5 in Armour
  4869 | D:5      | Bought a sedimented purple potion for 25 gold pieces
  4954 | D:5      | Learned a level 3 spell: Stone Arrow
  4974 | D:5      | Reached skill level 1 in Earth Magic
  5230 | D:4      | Reached skill level 2 in Earth Magic
  5276 | D:4      | Noticed Pargi
  5288 | D:4      | Killed Pargi
  5289 | D:4      | Reached skill level 3 in Earth Magic
  5305 | D:4      | Noticed Eustachio
  5356 | D:4      | Killed Eustachio
  5357 | D:4      | Reached skill level 4 in Earth Magic
  5357 | D:4      | Reached XP level 10. HP: 57/74 MP: 10/21
  5622 | D:4      | Noticed Natasha
  5636 | D:4      | Killed Natasha
  5637 | D:4      | Reached skill level 5 in Earth Magic
  5659 | D:4      | Noticed Natasha
  5662 | D:4      | Killed Natasha
  5871 | D:4      | Noticed Natasha
  5883 | D:4      | Killed Natasha
  5935 | D:3      | Killed Sigmund
  5936 | D:3      | Reached skill level 6 in Earth Magic
  6176 | D:2      | Killed Crazy Yiuf
  6422 | D:7      | Reached skill level 7 in Earth Magic
  6502 | D:7      | Reached skill level 8 in Earth Magic
  6716 | D:7      | Reached ** piety under Kikubaaqudgha
  6832 | D:7      | Found a sacrificial altar of Ru.
  7186 | D:7      | Noticed Harold
  7208 | D:7      | Killed Harold
  7209 | D:7      | Reached skill level 9 in Earth Magic
  7360 | D:7      | Found Bixukah's Assorted Antiques.
  7370 | D:7      | Bought a scroll labelled NULLIG PAURI for 36 gold pieces
  7370 | D:7      | Bought a scroll labelled JAORYSK HEEFU for 36 gold pieces
  7370 | D:7      | Bought a scroll labelled CUSOAC PIFA for 36 gold pieces
  7497 | D:8      | Noticed Erica
  7518 | D:8      | Noticed a tengu warrior
  7559 | D:8      | Noticed Maggie
  7565 | D:8      | Killed Maggie
  7636 | D:8      | Found a sparkling altar of Nemelex Xobeh.
  7653 | D:8      | Learned a level 1 spell: Sandblast
  7675 | D:8      | Reached XP level 11. HP: 74/81 MP: 11/22
  7799 | D:8      | Found a staircase to the Lair.
  7885 | D:8      | Killed Erica
  7886 | D:8      | Reached skill level 5 in Dodging
  7977 | D:7      | Slain by a tengu warrior

Illustrated notes

Levels and vault maps discovered:
D:1:      dpeg_arrival_connections, layout_loops_corners,
          hellmonk_ecumenical_altar_heavens_door
D:2:      layout_rooms, minmay_pentomino_s4, uniq_crazy_yiuf_cottage
D:3:      layout_rooms, minmay_stone_trees_small, uniq_sigmund
D:4:      layout_basic, uniq_eustachio, uniq_natasha, uniq_pargi
D:5:      layout_basic, serial_shops, nicolae_inconvenience_store, uniq_pikel
D:6:      layout_basic, kennysheep_little_box, minmay_temple_entry_ruins,
          ebering_dispersal_statue_hall, uniq_duvessa
D:7:      layout_cave_pods, nicolae_ru_awakened_eye, serial_shops,
          nicolae_lakefront_shop, uniq_harold
D:8:      layout_loops_ring, nicolae_overflow_hidden_temple,
          nicolae_overflow_crystal_walls, minmay_lair_entry_grove,
          minmay_fire_ice_demons, uniq_maggie, uniq_erica
Temple:   nicolae_temple_elliptical

Skill      XL: |  1  2  3  4  5  6  7  8  9 10 11 |
---------------+----------------------------------+-----
Conjurations   | 4 5 6 |  6.0
Fighting       | 1 2 3 5 6 7 |  7.3
Armour         | 1 2 3 5 6 7 |  7.4
Spellcasting   | 3 6 7 8 |  8.0
Dodging        | 3 4 5 |  5.4
Necromancy     | 2 3 |  3.8
Earth Magic    | 4 9 |  9.0
Stealth        | |  2.4

Action                   |  1- 3 |  4- 6 |  7- 9 | 10-12 || total
-------------------------+-------+-------+-------+-------++-------
Melee: Short sword       |    31 |    48 |    10 |       ||    89
       Punch             |       |     1 |       |     2 ||     3
       Rapier            |       |       |     2 |       ||     2
       Trident           |       |       |    35 |    68 ||   103
       Falchion          |       |       |       |     7 ||     7
Throw: Boomerang         |       |       |    85 |       ||    85
 Cast: Magic Dart        |    26 |    13 |    23 |    10 ||    72
       Searing Ray       |     7 |    27 |    52 |    25 ||   111
       Stone Arrow       |       |       |       |    28 ||    28
       Sandblast         |       |       |       |    25 ||    25
 Abil: Dig               |       |       |     4 |     2 ||     6
Evoke: Wand              |       |       |       |     1 ||     1
  Use: Scroll            |       |     5 |       |     2 ||     7
 Stab: Sleeping          |     3 |       |     1 |     2 ||     6
Armor: Robe              |     3 |    11 |     9 |    15 ||    38
       Acid dragon scale |       |       |       |    21 ||    21
Dodge: Dodged            |    41 |    76 |    64 |   133 ||   314
